Map: Deathaura LE

Players

Oreo

  • Race: Zerg Zerg
  • League: Grandmaster
  • Spawn Location: 11:00

A.I. 2 (Very Easy) - Winner!

  • Race: Protoss Protoss
  • Spawn Location: 5:00

VOD

Have the link to the VOD?

Description

Time

  • Played on: Aug. 3, 2020, 10:19 p.m.
  • Length: 8:43
Show
View Real Time Build Order
Export as new Build Order

Oreo Zerg 

Build Orders: Hatch First 

Get SALT Encoding   

  12  0:00  Drone  
  13  0:12  Overlord  
  13  0:17  Drone  
  14  0:30  Drone x2  
  16  0:48  Hatchery  
  15  0:51  Drone  
  15  0:55  Drone  
  17  0:58  Drone  
  18  1:09  Extractor  
  17  1:14  Spawning Pool  
  17  1:17  Drone  
  17  1:20  Drone  
  18  1:28  Drone  
  19  1:39  Drone  
  20  1:50  Overlord  
  20  2:00  Queen  
  20  2:01  Queen, Zergling x4  
  26  2:12  Drone x2  
  28  2:24  Drone x2  
  30  2:31  Hatchery  
  30  2:36  Pneumatized Carapace  
  29  2:39  Drone x2  
  31  2:44  Overlord  
  31  2:51  Queen  
  31  2:55  Drone  
  31  2:57  Drone  
  35  2:59  Drone  
  35  3:03  Metabolic Boost  
  36  3:05  Drone  
  36  3:10  Overlord  
  37  3:13  Drone  
  37  3:14  Drone  
  37  3:17  Drone  
  37  3:19  Drone  
  41  3:22  Drone  
  41  3:25  Drone  
  43  3:30  Spore Crawler  
  43  3:31  Spore Crawler  
  41  3:34  Queen  
  41  3:39  Drone x2  
  45  3:43  Drone  
  45  3:48  Drone, Queen  
  47  3:53  Drone x2  
  51  3:59  Drone x3, Spore Crawler  
  51  4:02  Overlord  
  53  4:06  Drone x2  
  55  4:12  Drone x3  
  55  4:16  Overlord  
  58  4:22  Drone x5  
  63  4:24  Overlord  
  63  4:25  Drone  
  64  4:34  Drone  
  64  4:36  Roach Warren  
  64  4:38  Drone x2  
  66  4:43  Extractor  
  66  4:44  Extractor, Drone x4  
  68  4:46  Lair  
  68  4:49  Overlord  
  68  4:50  Drone x4  
  72  4:58  Overlord  
  72  5:00  Drone x2  
  72  5:02  Extractor  
  72  5:03  Extractor  
  72  5:05  Extractor  
  71  5:10  Drone x5  
  76  5:14  Evolution Chamber  
  76  5:17  Drone  
  76  5:19  Overlord  
  76  5:21  Roach x4  
  84  5:32  Drone  
  84  5:34  Drone, Overlord  
  86  5:42  Overlord  
  86  5:43  Glial Reconstitution  
  86  5:44  Spire  
  86  5:48  Hatchery  
  84  5:52  Overlord  
  84  5:53  Drone x2  
  84  5:54  Roach x8  
  84  5:56  Roach  
  104  5:59  Roach x2  
  104  6:03  Overlord  
  108  6:05  Roach x2  
  108  6:07  Roach  
  108  6:08  Roach  
  116  6:16  Roach x3  
  122  6:21  Overlord  
  122  6:22  Roach  
  122  6:23  Roach x3  
  130  6:30  Roach x3  
  136  6:33  Overlord  
  136  6:39  Roach  
  138  6:40  Overlord  
  138  6:44  Overlord  
  138  6:46  Zerg Missile Weapons Level 1  
  138  6:56  Mutalisk x6  
  138  6:59  Roach x2  
  154  7:02  Zergling x8  
  154  7:05  Zergling x2  
  159  7:10  Overlord  
  159  7:12  Zergling x6  
  159  7:15  Zergling x4  
  164  7:16  Zergling x2  
  164  7:19  Ravager x4  
  164  7:22  Zergling x10  
  174  7:23  Zergling x2  
  174  7:25  Overlord  
  174  7:27  Overlord, Zergling x2  
  175  7:31  Ravager x2  
  175  7:32  Zergling x6  
  180  7:38  Baneling Nest  
  180  7:41  Zergling x8  
  180  7:43  Zergling x8  
  187  7:45  Zergling x2  
  187  7:46  Zergling x4  
  190  7:55  Zergling x12  
  196  8:03  Zergling x2  
  196  8:04  Zergling x4  
Show
View Real Time Build Order
Export as new Build Order

A.I. 2 (Very Easy) Protoss - Winner!

Build Orders:  

Get SALT Encoding   

  12  0:00  Probe  
  13  0:13  Probe  
  14  0:20  Pylon  
  14  0:36  Assimilator  
  14  0:42  Gateway  
  14  0:46  Pylon  
  14  1:13  Assimilator  
  14  1:23  Probe  
  14  1:31  Probe  
  17  1:32  Zealot  
  17  1:34  Cybernetics Core  
  17  1:39  Probe  
  19  1:49  Probe  
  20  1:59  Probe  
  20  2:00  Warp Gate  
  20  2:07  Probe  
  22  2:39  Stalker  
  24  5:57  Probe  
  24  6:42  Probe  
  24  6:52  Probe  
  24  6:57  Adept  
  24  6:59  Pylon  
  24  7:00  Robotics Facility  
  27  7:02  Nexus  
  27  7:04  Probe  
  28  7:15  Probe  
  29  7:23  Probe  
  26  7:47  Observer  
  26  7:50  Pylon  
  26  7:51  Zealot  
  26  7:52  Probe  
  18  8:04  Probe  
  10  8:09  Observer  
Tags
 
Matchup
PvZ
Spawn Locations
Cross Positions
Add a new tag
Caveats
  • Supply blocks, unpowered buildings, or Contaminate may cause inaccurate times.
  • Supply counts are checked every 10 seconds.